AoeStats
← 大王同学

MegaRandom

508444711Analyzed
4v4 RM · 8d ago on Sep 22, 2026· 27m 58s· 8 players
Game mode
Random Map
Map size
Large (8 player)
Population
200
Speed
Normal
Resources
Standard
Victory
Conquest
Starting age
Dark Age
Ending age
Imperial Age
RankedLock teamsTeams togetherTeam positionsShared explorationLock speedFull tech treeHidden civsTurbo modeCheats
Victory
Defeat
🇨🇳 Mongols · China
1502
+12
🇨🇳 Magyars · China
1412
+16
1367
+18
🇭🇰 Turks · Hong Kong SAR China
1274
+22
🇭🇰 Khmer · Hong Kong SAR China
1439
-18
🇨🇳 Poles · China
1425
-18
🇲🇽 Spanish · Mexico
1401
-17
🇦🇷 Franks · Argentina
1355
-15
302
11:26 Feudal Age
16:15 Castle Age
14:27 Loom
15:00 Double-Bit Axe
15:32 Horse Collar
17:40 Fletching
24:31 Ballistics
27:18 Wheelbarrow
Bear
9:53 Feudal Age
14:39 Castle Age
13:40 Scale Barding Armor
14:20 Forging
17:32 Wheelbarrow
19:26 Loom
24:13 Town Watch
卫星点灯
7:38 Feudal Age
8:11 Loom
9:25 Double-Bit Axe
13:19 Forging
16:45 Scale Barding Armor
19:48 Castle Age
botas.el.gato
6:07 Loom
8:29 Feudal Age
14:20 Wheelbarrow
19:03 Castle Age
17:33 Fishing Lines
17:45 Gold Mining
17:58 Double-Bit Axe
18:15 Town Watch
20:17 Padded Archer Armor
21:44 Bloodlines
小白妈妈
4:53 Loom
9:32 Feudal Age
13:44 Castle Age
13:05 Double-Bit Axe
13:28 Horse Collar
14:10 Fletching
16:34 Town Watch
17:15 Bodkin Arrow
18:18 Bow Saw
21:15 Husbandry
22:47 Bloodlines
23:16 Ballistics
23:16 Padded Archer Armor
大王同学
8:36 Feudal Age
6:52 Loom
8:40 Man-at-Arms
9:09 Double-Bit Axe
15:50 Horse Collar
19:08 Wheelbarrow
22:27 Stone Mining
26:39 Castle Age
24:40 Gold Mining
26:11 Stone Mining
26:08 Fishing Lines
28:41 Bow Saw
哭稀饭(2125613428)
8:34 Feudal Age
9:18 Double-Bit Axe
14:28 Castle Age
14:50 Loom
24:47 Fervor
Mr.Robin
8:30 Loom
10:16 Feudal Age
11:43 Double-Bit Axe
14:43 Castle Age
12:38 Horse Collar
16:01 Bow Saw
16:38 Scale Barding Armor
21:34 Chain Barding Armor
25:41 Bloodlines
25:34 Husbandry
Connection lost

Rejoining the realm…

Still unreachable

The connection could not be restored.

Session expired

The server has moved on; the page needs a fresh start.